 Dungeon Sprint DCSS version 0.32-a0-172-gc5dd13f2a7 (webtiles) character file.

Game seed: 4727241705982173603

2746 fozzywoppz the Unseen (level 10, -1/67 HPs)
             Began as a Kobold Brigand on Feb 13, 2024.
             Was a Follower of Uskayaw.
             Slain by a sixfirhy (9 damage)
             ... summoned by an orc high priest
             ... in the Dungeon (Sprint III: "The Ten Rune Challenge").
             The game lasted 00:05:47 (483 turns).

fozzywoppz the Unseen (Kobold Brigand)               Turns: 483, Time: 00:05:48

Health: -1/67      AC:  4    Str:  9    XL:     10   Next: 0%
Magic:  10/10      EV: 26    Int: 13    God:    Uskayaw [*.....]
Gold:   50         SH:  0    Dex: 20    Spells: 9/9 levels left

rFire   . . .        l - +2 dagger (venom)
rCold   . . .        (no shield)
rNeg    . . .        o - +1 robe {Will+}
rPois   .            (no helmet)
rElec   .            c - +0 cloak
rCorr   .            (no gloves)
SInv    .            (no boots)
Will    +....        (no amulet)
Stlth   ++++++++     (no ring)
HPRegen 0.31/turn    (no ring)
MPRegen 0.12/turn

%: no teleportation
@: no status effects
A: small, no large weapons, nightstalker 3
a: Renounce Religion, Stomp


You were in the Dungeon.
You worshipped Uskayaw.
Uskayaw was noncommittal.
You visited 1 branch You collected 50 gold pieces.

Inventory:

Hand Weapons
 a - a +2 dagger
 l - a +2 dagger of venom (weapon)
Missiles
 d - 7 poisoned darts (quivered)
 e - 3 curare-tipped darts
Armour
 b - a +0 robe
 c - a +0 cloak (worn)
 o - a +1 robe of willpower (worn)
Wands
 j - a wand of flame (15)
Scrolls
 k - 2 scrolls of blinking
 n - a scroll of poison
Potions
 h - a potion of haste
 i - 2 potions of magic
 m - 7 potions of mutation
 p - a potion of enlightenment
 q - a potion of resistance {unknown}
Miscellaneous
 r - a phantom mirror (inert)


   Skills:
 + Level 9.7 Fighting
 - Level 10.0 Short Blades
 - Level 2.1 Throwing
 - Level 5.0 Armour
 + Level 14.3 Dodging
 + Level 18.7 Stealth


You had 9 spell levels left.
You didn't know any spells.
Your spell library contained the following spells:

 Spells                   Type           Power      Damage    Failure   Level
 Scorch                   Fire           0%         2d5       43%         2
 Flame Wave               Conj/Fire      0%         2d4       97%         4
 Summon Cactus Giant      Summ           0%         N/A       100%        6


Dungeon Overview and Level Annotations

Branches:
Dungeon (1/1)

Altars:
Cheibriados
Dithmenos
Elyvilon
Fedhas
Gozag
Hepliaklqana
Kikubaaqudgha
Makhleb
Nemelex Xobeh
Okawaru
Qazlal
Ru
Sif Muna
Trog
Uskayaw
Vehumet
Wu Jian
Xom
Yredelemnul
Zin
The Shining One
Jiyva
Lugonu


Innate Abilities, Weirdness & Mutations

You are small and have problems with some larger weapons.
You are completely attuned to the shadows.


Message History

The orc closely misses you.
An orc priest comes into view. It is wielding a +0 trident.
Something hits your orc high priest.
Your orc high priest is engulfed in poison gas.
Your orc high priest looks as sick as possible!
You kill your orc high priest!
Your orc high priest's corpse shimmers and vanishes!
Aiming: Throw Flame
Press: ? - help, Shift-Dir - straight line, f/p - orc high priest
Aim: an orc high priest, wielding a +0 halberd (severely wounded, extremely poisoned, 60% to hit)
The puff of flame hits the orc.
The orc is heavily wounded.
The sixfirhy hits you! The sixfirhy shocks you!
* * * LOW HITPOINT WARNING * * *
The sixfirhy completely misses you. The orc high priest misses you.
The sixfirhy misses you.
You feel much better. The sixfirhy hits you. The sixfirhy shocks you!
The sixfirhy misses you. x2
The orc high priest completely misses you.
You are engulfed in poison gas.
You are poisoned.
* * * LOW HITPOINT WARNING * * *
x2 You feel very sick.
You feel a bit more experienced.
The orc priest calls upon Beogh to heal the orc.
The orc's wounds heal themselves!
There is an open door to the Orcish Mines here.
You feel better.
The orc priest looks satisfied for a moment.
The sixfirhy misses you.
The orc high priest mumbles some strange prayers to Beogh against you.
Beogh smites you!
* * * LOW HITPOINT WARNING * * *
The sixfirhy barely misses you.
There's a creature in the doorway!
You feel better. The sixfirhy hits you.
* * * LOW HITPOINT WARNING * * *
The sixfirhy shocks you!
You die...
Your body falls in perfect tune with the rhythm.

############$###
##..#___#___#__##$$##$
.#..#)..#__)#._#o..o..
.#..###'#'###'##o$4...
'#..#..........#oo).o.
#...'.⌠........#o##$##
#...#...######'#$# #
....#.⌠.#__#...#3##############
....#...#__#...#@°..#.#.#)....#
....#'###__#...##.#..#.##.###.#
....#)).#__#...'##.#.#.##.#).##
....#___#__'...#.).#..#..##.)+
▓▓▓▓▓▓▓▓▓▓▓▓▓▓▓▓▓▓▓▓▓▓▓▓▓▓▓▓▓#


You could see an orc high priest (very poisoned), a sixfirhy (summoned,
poisoned), an orc priest and an orc.

Vanquished Creatures
  Erolcha (D)
  A deep elf pyromancer (D)
  A shadow (D)
  A spatial vortex (D)
  An orc warrior (D)
  5 two-headed ogres (D)
  A necrophage (D)
  A water elemental (D)
  A jelly (D)
  An arcanist (D)
  Jessica (D)
  An orc wizard (D)
  A necromancer (D)
  A kobold demonologist (D)
  3 humans (D)
  A wolf (D)
  3 orcs (D)
  An endoplasm (D)
  2 rats (D)
28 creatures vanquished.

Notes
Turn   | Place    | Note
-------+----------+-------------------------------------------
     0 | D        | fozzywoppz the Kobold Brigand began the quest for the Orb.
     0 | D        | Reached XP level 1. HP: 12/12 MP: 1/1
    40 | D        | Noticed Jessica
    44 | D        | Killed Jessica
    45 | D        | Reached skill level 5 in Short Blades
    45 | D        | Reached skill level 7 in Stealth
    45 | D        | Reached XP level 2. HP: 17/17 MP: 2/2
    45 | D        | Reached XP level 3. HP: 21/21 MP: 3/3
    62 | D        | Reached skill level 5 in Dodging
    62 | D        | Reached skill level 8 in Stealth
    62 | D        | Reached XP level 4. HP: 26/26 MP: 4/4
    79 | D        | Noticed a water elemental
    81 | D        | Killed a water elemental
    82 | D        | Reached skill level 9 in Stealth
    82 | D        | Reached XP level 5. HP: 30/30 MP: 5/5
    85 | D        | Found a radiant altar of Vehumet.
    86 | D        | Found a shimmering blue altar of Sif Muna.
    86 | D        | Found an ancient bone altar of Kikubaaqudgha.
    99 | D        | Reached skill level 10 in Stealth
   159 | D        | Found a glowing silver altar of Zin.
   160 | D        | Found a glowing golden altar of the Shining One.
   160 | D        | Found a white marble altar of Elyvilon.
   160 | D        | Noticed a deep elf pyromancer
   162 | D        | Killed a deep elf pyromancer
   163 | D        | Reached skill level 10 in Short Blades
   163 | D        | Reached skill level 10 in Dodging
   163 | D        | Reached skill level 15 in Stealth
   163 | D        | Reached skill level 1 in Armour
   163 | D        | Reached XP level 6. HP: 37/37 MP: 6/6
   163 | D        | Reached XP level 7. HP: 41/41 MP: 7/7
   167 | D        | Found a hide-covered altar of Uskayaw.
   167 | D        | Found an iron altar of Okawaru.
   168 | D        | Found a bloodstained altar of Trog.
   168 | D        | Found an ornate altar of the Wu Jian Council.
   168 | D        | Noticed a human
   168 | D        | Noticed a human
   170 | D        | Killed a human
   171 | D        | Reached XP level 8. HP: 48/48 MP: 8/8
   171 | D        | Killed a human
   172 | D        | Reached skill level 5 in Fighting
   177 | D        | Became a worshipper of Uskayaw the Reveller
   184 | D        | Found a shadowy altar of Dithmenos.
   185 | D        | Found a basalt altar of Yredelemnul.
   185 | D        | Found a sacrificial altar of Ru.
   186 | D        | Reached * piety under Uskayaw
   187 | D        | Reached ** piety under Uskayaw
   195 | D        | Noticed a shadow
   197 | D        | Killed a shadow
   198 | D        | Reached skill level 16 in Stealth
   203 | D        | Found a blossoming altar of Fedhas.
   203 | D        | Found a stormy altar of Qazlal.
   203 | D        | Found a snail-covered altar of Cheibriados.
   203 | D        | Found a burning altar of Makhleb.
   203 | D        | Found a shimmering altar of Xom.
   204 | D        | Found a hazy altar of Hepliaklqana.
   204 | D        | Found an opulent altar of Gozag.
   204 | D        | Found a sparkling altar of Nemelex Xobeh.
   204 | D        | Found a corrupted altar of Lugonu.
   204 | D        | Found a viscous altar of Jiyva.
   207 | D        | Reached *** piety under Uskayaw
   253 | D        | Reached XP level 9. HP: 31/56 MP: 9/9
   257 | D        | Reached skill level 5 in Armour
   345 | D        | Noticed a two-headed ogre
   348 | D        | Killed a two-headed ogre
   349 | D        | Reached skill level 17 in Stealth
   352 | D        | Noticed a two-headed ogre
   352 | D        | Noticed Erolcha
   354 | D        | Killed Erolcha
   355 | D        | Reached skill level 18 in Stealth
   355 | D        | Killed a two-headed ogre
   449 | D        | Noticed an orc high priest
   459 | D        | Noticed a red devil
   467 | D        | Noticed a rust devil
   472 | D        | Noticed a sixfirhy
   474 | D        | Noticed an ice devil
   477 | D        | Reached XP level 10. HP: 33/67 MP: 10/10
   483 | D        | Slain by a sixfirhy

Illustrated notes

Levels and vault maps discovered:
D:        dungeon_sprint_mu [sprint_mu_entry_cave, sprint_mu_temple_rooms,
          sprint_mu_d1_spiders, sprint_mu_d2_genie, sprint_mu_d3_branching,
          sprint_mu_orc_legion, sprint_mu_elf_gauntlet, sprint_mu_hive_nellie,
          sprint_mu_lair_fedhas, sprint_mu_vaults_butterflies,
          sprint_mu_slime_circle, sprint_mu_shoals_kraken,
          sprint_mu_snake_twists, sprint_mu_blade_basic,
          sprint_mu_crypt_chambers, sprint_mu_tomb_spiral,
          sprint_mu_vestibule_basic, sprint_mu_gehenna_hellfire,
          sprint_mu_dis_giant, sprint_mu_tartarus_statrot,
          sprint_mu_cocytus_islands, sprint_mu_zot1]

Skill      XL: |  1  2  3  4  5  6  7  8  9 |
---------------+----------------------------+-----
Short Blades   | 5 6 7 10 | 10.0
Dodging        | 4 5 6 10 12 14 | 14.3
Stealth        | 7 8 9 15 16 18 | 18.7
Fighting       | 3 4 6 9 |  9.7
Armour         | 1 2 4 5 |  5.0
Throwing       | |  2.1

Action                     |  1- 3 |  4- 6 |  7- 9 | 10-12 || total
---------------------------+-------+-------+-------+-------++-------
  Melee: Dagger            |     6 |    13 |    73 |       ||    92
  Throw: Dart              |       |       |     2 |       ||     2
  Evoke: Wand              |       |       |       |     1 ||     1
         Phantom mirror    |       |       |       |     1 ||     1
    Use: Potion            |       |     1 |     1 |     3 ||     5
         Scroll            |       |       |     3 |       ||     3
   Stab: Sleeping          |     4 |     2 |    11 |       ||    17
         Paralysed         |       |       |     1 |       ||     1
 Armour: Robe              |     1 |     3 |     7 |     4 ||    15
  Dodge: Dodged            |       |     5 |    31 |     9 ||    45

Table legend: (Time is in decaauts)
 A = Elapsed time spent in this place.
 B = Non-inter-level travel time spent in this place.
 C = Inter-level travel time spent in this place.
 D = Time resting spent in this place.
 E = Time spent auto-exploring this place.
 F = Levels seen in this place.
 G = Mean time per level.
                   A        B        C        D        E       F      G
               +--------+--------+--------+--------+--------+-----+--------+
         Total |    444 |    444 |      0 |    137 |      0 |   1 |  444.0 |
       Dungeon |    444 |    444 |      0 |    137 |      0 |   1 |  444.0 |
               +--------+--------+--------+--------+--------+-----+--------+

Top non-repeatable levels by time:
       D: 444 daAuts
